 Dungeon Crawl Stone Soup version 0.31-a0-233-g139696dc86 (webtiles) character file.

Game seed: 17470708965882952248

46 ketsa the Cudgeller (level 3, -2/24 HPs)
             Began as a Gargoyle Monk on July 5, 2023.
             Slain by Terence
             ... wielding a +0 mace
              (6 damage)
             ... on level 2 of the Dungeon on July 8, 2023.
             The game lasted 00:04:12 (921 turns).

ketsa the Cudgeller (Gargoyle Monk)                  Turns: 921, Time: 00:04:13

Health: -2/24      AC:  5    Str: 16    XL:     3   Next: 66%
Magic:  3/3        EV: 12    Int: 10    God:
Gold:   42         SH:  0    Dex: 12    Spells: 2/2 levels left

rFire   . . .        a - +0 mace
rCold   . . .        d - orb {light}
rNeg    + . .        b - +0 robe
rPois   ∞            (no helmet)
rElec   +            (no cloak)
rCorr   .            (no gloves)
SInv    .            (no boots)
Will    .....        (no amulet)
Stlth   +            (no ring)
HPRegen 0.24/turn    (no ring)
MPRegen 0.08/turn

%: no passive effects
@: glowing
A: sickness immunity, AC +3, negative energy resistance 1, electricity
resistance, torment resistance 1, petrification resistance
a: no special abilities


You were on level 2 of the Dungeon.
You visited 1 branch of the dungeon, and saw 2 of its levels.

You collected 42 gold pieces.

Inventory:

Hand Weapons
 a - a +0 mace (weapon)
Missiles
 f - 6 poisoned darts
 n - 2 javelins
Armour
 b - a +0 robe (worn)
 d - an orb of light (worn)
 j - a +0 ring mail
Scrolls
 g - 2 scrolls of identify {unknown}
 i - a scroll of revelation {unknown}
 l - a scroll of teleportation {unknown}
 m - a scroll of fear {unknown}
Potions
 c - a potion of ambrosia
 e - a potion of enlightenment {unknown}
 h - 2 potions of lignification {unknown}
 k - a potion of cancellation {unknown}


   Skills:
 + Level 3.7 Fighting
 * Level 3.8 Maces & Flails
 + Level 1.4 Armour
 - Level 2.4 Dodging


You had 2 spell levels left.
You didn't know any spells.
Your spell library was empty.

Dungeon Overview and Level Annotations

Branches:
Dungeon (2/15)

Altars:
Hepliaklqana

Annotations:
D:2 Terence


Innate Abilities, Weirdness & Mutations

You are immune to sickness and miasma.
Your stone body is resilient. (AC +3)
You are immune to poison.
You resist negative energy. (rN+)
You are resistant to electric shocks. (rElec)
You are resistant to unholy torment.
You are immune to petrification.


Message History

Terence is moderately wounded.
Terence barely misses you.
The hobgoblin hits you but does no damage.
The rat closely misses you.
You hit Terence but do no damage.
Terence is moderately wounded.
Terence hits you with a +0 mace.
The hobgoblin hits you but does no damage.
The rat bites you but does no damage.
A hobgoblin comes into view.
You hit Terence but do no damage.
Terence is moderately wounded.
Terence barely misses you. The hobgoblin barely misses you.
The rat bites you but does no damage.
You hit Terence.
Terence is heavily wounded.
Terence hits you with a +0 mace. The hobgoblin barely misses you.
The rat barely misses you. Terence completely misses you.
The hobgoblin hits you but does no damage.
The rat bites you.
You are too injured to fight recklessly!
You are too injured to fight recklessly!
You are too injured to fight recklessly!
You are too injured to fight recklessly!
You are too injured to fight recklessly!
You hit Terence but do no damage.
Terence is heavily wounded.
Terence hits you but does no damage. The hobgoblin barely misses you.
The rat bites you but does no damage. The hobgoblin misses you.
You hit Terence but do no damage.
Terence is heavily wounded.
Terence hits you with a +0 mace!
* * * LOW HITPOINT WARNING * * *
The hobgoblin hits you.
* * * LOW HITPOINT WARNING * * *
The rat closely misses you. The hobgoblin misses you.
You hit Terence but do no damage.
Terence is heavily wounded.
Terence hits you with a +0 mace.
You die...

# #. #.#. #.#.###
......##### #.......^#
#....#...#
#..g#@#..#####
#@r.#.....########
.......#g#........†.....
##.#....#.....#.########
......................
#.#....#######.....####
#....#. .....)# ###:##
#.....# .. #.....#
#.....#


You could see Terence, 2 hobgoblins and a rat.

Vanquished Creatures
  An adder (D:2)
  A worm (D:2)
  2 dart slugs (D:1)
  5 endoplasms
  A giant cockroach (D:1)
  6 goblins
  2 hobgoblins
  2 kobolds (D:2)
  A quokka (D:1)
  4 bats
  3 rats
28 creatures vanquished.

Notes
Turn   | Place    | Note
-------+----------+-------------------------------------------
     0 | D:1      | ketsa the Gargoyle Monk began the quest for the Orb.
     0 | D:1      | Reached XP level 1. HP: 14/14 MP: 1/1
    83 | D:1      | Reached XP level 2. HP: 11/19 MP: 2/2
   696 | D:2      | Reached skill level 1 in Armour
   734 | D:2      | Reached XP level 3. HP: 18/23 MP: 3/3
   852 | D:2      | Found a hazy altar of Hepliaklqana.
   901 | D:2      | Upgraded the game from 0.31-a0-222-gefeffbb62a to
                  | 0.31-a0-233-g139696dc86
   903 | D:2      | Found a faded altar of an unknown god.
   911 | D:2      | Noticed Terence
   921 | D:2      | Slain by Terence

Illustrated notes

Levels and vault maps discovered:
D:1:      wander_arrival_chamber, layout_basic
D:2:      minmay_inner_zag, layout_basic, basic_altar,
          chequers_ecumenical_altar_simple_redux, minmay_tripent, uniq_terence

Skill      XL: |  1  2 |
---------------+-------+-----
Armour         | 1 |  1.4
Fighting       | |  3.7
Maces & Flails | |  3.8
Dodging        | |  2.4

Action                     || total
---------------------------++-------
  Melee: Mace              ||    74
 Armour: Robe              ||    29
  Dodge: Dodged            ||    54

Table legend: (Time is in decaauts)
 A = Elapsed time spent in this place.
 B = Non-inter-level travel time spent in this place.
 C = Inter-level travel time spent in this place.
 D = Time resting spent in this place.
 E = Time spent auto-exploring this place.
 F = Levels seen in this place.
 G = Mean time per level.
                   A        B        C        D        E       F      G
               +--------+--------+--------+--------+--------+-----+--------+
         Total |    937 |    937 |      0 |     29 |    606 |   2 |  468.5 |
       Dungeon |    937 |    937 |      0 |     29 |    606 |   2 |  468.5 |
               +--------+--------+--------+--------+--------+-----+--------+

Top non-repeatable levels by time:
     D:1: 678 daAuts
     D:2: 258 daAuts
